Map: New Repugnancy LE

Players

TLO - Winner!

  • Race: Zerg Zerg
  • Spawn Location: 1:00

JEROS

  • Race: Terran Terran
  • Spawn Location: 7:00

Event: 2019 WCS Summer

VOD

Have the link to the VOD?

Description

Time

  • Played on: July 12, 2019, 6:38 a.m.
  • Length: 3:14

All games in this series

Show
View Real Time Build Order
Export as new Build Order

TLO Zerg - Winner!

Build Orders: Hatch First 

Get SALT Encoding   

  12  0:00  Drone  
  13  0:12  Overlord  
  13  0:17  Drone  
  14  0:30  Drone  
  14  0:31  Drone  
  17  0:35  Drone  
  17  0:52  Hatchery  
  17  0:54  Drone  
  17  0:58  Drone  
  18  1:09  Extractor  
  17  1:15  Spawning Pool  
  17  1:16  Drone  
  17  1:18  Drone  
  18  1:28  Drone  
  19  1:38  Drone  
  20  1:49  Overlord  
  20  2:01  Zergling x2  
  20  2:03  Queen  
  20  2:04  Zergling x2, Queen  
  26  2:11  Zergling x2  
  26  2:17  Zergling x2  
  26  2:22  Zergling x2  
  26  2:38  Drone  
  27  2:45  Drone  
  26  2:52  Drone  
Show
View Real Time Build Order
Export as new Build Order

JEROS Terran 

Build Orders:  

Get SALT Encoding   

  12  0:00  SCV  
  13  0:12  SCV  
  14  0:18  Supply Depot  
  14  0:25  SCV  
  15  0:41  Barracks  
  15  0:51  Barracks  
  15  0:56  SCV  
  16  1:08  SCV  
  16  1:09  Refinery  
  17  1:29  Marine  
  17  1:30  Orbital Command  
  18  1:38  Marine  
  19  1:40  Supply Depot  
  19  1:47  Marine  
  20  1:55  Bunker  
  20  1:57  Bunker  
  20  2:02  Bunker  
  20  2:03  Marine  
  21  2:09  Marine  
  22  2:21  Marine  
  21  2:27  Marine  
  20  2:39  Marine  
  21  2:44  Marine  
  20  3:01  Factory  
  20  3:02  SCV  
Tags
 
Add a new tag
Caveats
  • Supply blocks, unpowered buildings, or Contaminate may cause inaccurate times.
  • Supply counts are checked every 10 seconds.